 Dungeon Crawl Stone Soup version 0.29.1-2-gbd0b4ee654 (webtiles) character file.

Game seed: 11940528905372070486

200 Lutefisk the Sneak (level 5, -2/30 HPs)
             Began as a Vine Stalker Brigand on Oct 30, 2022.
             Slain by a gnoll
             ... wielding a +3 halberd
              (7 damage)
             ... on level 4 of the Dungeon.
             The game lasted 00:06:43 (1687 turns).

Lutefisk the Sneak (Vine Stalker Brigand)           Turns: 1687, Time: 00:06:45

Health: -2/30      AC:  8    Str: 13    XL:     5   Next: 79%
Magic:  0/6        EV: 10    Int: 11    God:
Gold:   168        SH:  0    Dex: 18    Spells: 4/4 levels left

rFire   . . .      SeeInvis .   m - +0 dagger (venom)
rCold   . . .      Faith    .   (no shield)
rNeg    . . .      Spirit   +   k - +0 ring mail
rPois   .          Reflect  .   (no helmet)
rElec   .          Harm     .   c - +0 cloak
rCorr   .          Rampage  .   p - +1 Delatra's gloves {ID++}
Will    .....                   (no boots)
Stlth   +++.......              (no amulet)
HPRegen 0.90/turn               (no ring)
MPRegen 0.10/turn               (no ring)

@: no status effects
A: fangs 2, regeneration 1, magic shield, antimagic bite, no potion heal 2
a: no special abilities


You were on level 4 of the Dungeon.
You visited 1 branch of the dungeon, and saw 4 of its levels.

You collected 168 gold pieces.

Inventory:

Hand Weapons
 a - a +2 dagger
 m - a +0 dagger of venom (weapon)
Missiles
 d - 15 poisoned darts
 e - 2 curare-tipped darts (quivered)
Armour
 c - a +0 cloak (worn)
 j - a +0 pair of gloves
 k - a +0 ring mail (worn)
 p - the +1 Delatra's gloves (worn) {ID++}
   (You found it on level 3 of the Dungeon)

   It heals its wearer when they drink unknown potions.
   It restores its wearer's MP when they read unknown scrolls.
Scrolls
 g - 4 scrolls of identify {unknown}
 h - 3 scrolls of teleportation {unknown}
 n - a scroll of blinking {unknown}
 o - 2 scrolls of fear {unknown}
 r - a scroll of amnesia {unknown}
Potions
 b - a potion of ambrosia {unknown}
 f - a potion of degeneration {unknown}
 i - 2 potions of resistance {unknown}
 l - a potion of might {unknown}
 q - a potion of lignification {unknown}


   Skills:
 * Level 4.4 Fighting
 - Level 1.7 Short Blades
 - Level 2.0 Throwing
 - Level 1.0 Armour
 - Level 1.0 Dodging
 * Level 5.7 Stealth


You had 4 spell levels left.
You didn't know any spells.
Your spell library was empty.

Dungeon Overview and Level Annotations

Branches:
Dungeon (4/15)
 Temple: D:4-7

Altars:

Annotations:
D:3 2 transporters


Innate Abilities, Weirdness & Mutations

You have extremely sharp teeth.
Your natural rate of healing is unusually fast.
When hurt, damage is shared between your health and your magic reserves.
Your bite disrupts and absorbs the magic of your enemies.
Potions cannot restore your health.


Message History

The gnoll completely misses you.
You hit the gnoll.
The gnoll looks as sick as possible!
The gnoll is heavily wounded.
The gnoll hits you but does no damage.
You hit the gnoll.
The gnoll looks as sick as possible!
The gnoll is severely wounded.
The gnoll hits you with a +0 halberd.
You barely miss the gnoll.
The gnoll is almost dead.
You kill the gnoll!
You barely miss the giant cockroach. You bite the giant cockroach.
You drain its power.
You feel invigorated.
The giant cockroach is heavily wounded.
The giant cockroach barely misses you.
You hit the giant cockroach but do no damage.
The giant cockroach is poisoned.
The giant cockroach is heavily wounded.
The giant cockroach barely misses you.
The gnoll hits you from afar with a +3 halberd!
You kill the giant cockroach!
The gnoll hits you from afar with a +3 halberd!
The gnoll hits you with a +3 halberd.
You hit the gnoll but do no damage. The gnoll hits you with a +3 halberd!
You hit the gnoll.
The gnoll is lightly wounded.
You hit the gnoll.
The gnoll is poisoned.
The gnoll is moderately wounded.
The gnoll closely misses you.
You hit the gnoll but do no damage.
The gnoll looks as sick as possible!
Your bite misses the gnoll.
The gnoll is heavily wounded.
The gnoll hits you with a +3 halberd!
* * * LOW HITPOINT WARNING * * *
You closely miss the gnoll. Your bite misses the gnoll.
The gnoll is heavily wounded.
The gnoll barely misses you.
You hit the gnoll but do no damage.
The gnoll is severely wounded.
The gnoll hits you with a +3 halberd!
You die...

#g...........
##g...........
##r...........#
##$...####.....#
# ##r..### #...#
.##...## #..#
.....## #).#
....## ##g.#
...## ##.@##
...# ##..## ...#
##..## ...##
##..## ....#
##..## ....##
##..##
##.).####..##
##.......##
##..<...#


You could see a gnoll (extremely poisoned).

Vanquished Creatures
  An orc priest (D:3)
  2 orc wizards (D:3)
  2 gnolls (D:4)
  4 adders
  2 worms (D:3)
  A dart slug (D:2)
  11 orcs
  4 endoplasms
  2 giant cockroaches
  3 goblins
  3 hobgoblins
  A quokka (D:1)
  3 ball pythons
  4 bats
  A frilled lizard (D:2)
  7 kobolds
  3 rats
54 creatures vanquished.

Notes
Turn   | Place    | Note
-------+----------+-------------------------------------------
     0 | D:1      | Lutefisk the Vine Stalker Brigand began the quest for the
                  | Orb.
     0 | D:1      | Reached XP level 1. HP: 11/11 MP: 2/2
   125 | D:1      | Reached skill level 5 in Stealth
   195 | D:1      | Found a faded altar of an unknown god.
   449 | D:1      | Reached XP level 2. HP: 15/15 MP: 3/3
   606 | D:2      | Reached XP level 3. HP: 20/20 MP: 4/4
   892 | D:3      | Gained mutation: Your natural rate of healing is unusually
                  | fast. [Vine Stalker growth]
   892 | D:3      | Reached XP level 4. HP: 19/25 MP: 5/5
   918 | D:3      | Found a transporter.
   970 | D:3      | Found a transporter.
  1005 | D:3      | Reached skill level 1 in Dodging
  1219 | D:3      | Reached skill level 1 in Armour
  1349 | D:4      | Reached XP level 5. HP: 22/29 MP: 3/6
  1570 | D:3      | Found the +1 Delatra's gloves {ID++}
  1687 | D:4      | Slain by a gnoll

Illustrated notes

Levels and vault maps discovered:
D:1:      dpeg_arrival_yet_another_circle, layout_loops_ring,
          shapermc_ecumenical_altar_mp_urbaneastern, minmay_hexomino_u4
D:2:      layout_basic, basic_altar, serial_shops, nicolae_shop_behind_doors,
          minmay_pentomino_pile
D:3:      gammafunk_steamed_eel, layout_loops_ring, pf_guarded_unrand_delatra
D:4:      layout_layer_cave

Skill      XL: |  1  2  3  4 |
---------------+-------------+-----
Stealth        | 5 |  5.7
Fighting       | 2 3 4 |  4.4
Dodging        | 1 |  1.0
Throwing       | 2 |  2.0
Armour         | 1 |  1.0
Short Blades   | |  1.7

Action                   |  1- 3 |  4- 6 || total
-------------------------+-------+-------++-------
Melee: Dagger            |    59 |    84 ||   143
       Bite              |    15 |    25 ||    40
       Punch             |     1 |     2 ||     3
Throw: Dart              |     3 |     2 ||     5
 Stab: Sleeping          |     7 |     4 ||    11
Armor: Robe              |    11 |       ||    11
       Ring mail         |     3 |    27 ||    30
Dodge: Dodged            |    27 |    36 ||    63
